 Dungeon Crawl Stone Soup version 0.20.1-1-g8b1a95d (webtiles) character file.

6208 Irenicus the Severer (level 10, -9/101 HPs)
             Began as a Deep Dwarf Gladiator on Nov 6, 2017.
             Was a Follower of Makhleb.
             Mangled by an ogre
             ... wielding a +0 giant club
              (10 damage)
             ... on level 8 of the Dungeon.
             The game lasted 00:29:06 (4921 turns).

Irenicus the Severer (Deep Dwarf Gladiator)         Turns: 4921, Time: 00:29:07

Health: -9/101     AC:  8    Str: 18    XL:     10   Next: 61%
Magic:  3/3        EV: 13    Int:  9    God:    Makhleb [*.....]
Gold:   553        SH:  0    Dex: 19    Spells: 9/9 levels left

rFire    + . .     SeeInvis .   a - +3 war axe
rCold    . . .     Gourm    .   (no shield)
rNeg     . . .     Faith    .   o - +1 scale mail {rF+}
rPois    +         Spirit   .   (helmet restricted)
rElec    .         Reflect  .   (no cloak)
rCorr    .         Harm     .   s - +0 pair of gloves
MR       +....                  (no boots)
Stlth    ..........             (no amulet)
Regen    0.0/turn               C - ring of poison resistance
MPRegen  0.1/turn               w - ring of loudness (curse)

@: non-regenerating
A: damage resistance, heal wounds, antennae 1, repulsion field 1, camouflage 1,
agile 1, sense surroundings 2, robust 1, no regeneration
a: Heal Wounds, Renounce Religion


You were on level 8 of the Dungeon.
You worshipped Makhleb.
Makhleb was aware of your devotion.
You were hungry.

You visited 2 branches of the dungeon, and saw 9 of its levels.
You also visited: Sewer and Ossuary.

You collected 553 gold pieces.

Inventory:

Hand Weapons
 a - a +3 war axe (weapon)
 q - a +0 hand axe
Missiles
 d - a throwing net (quivered)
 h - 6 javelins of returning
Armour
 b - a +0 leather armour
 c - a +0 helmet
 o - a +1 scale mail of fire resistance (worn)
 s - a +0 pair of gloves (worn)
 u - a +0 buckler
 B - a +0 helmet
Magical Staves
 G - an uncursed staff of death
Jewellery
 i - an uncursed ring of protection from fire
 w - a cursed ring of loudness (right hand)
 C - a ring of poison resistance (left hand)
Wands
 t - a wand of iceblast (0/15)
 y - a wand of flame (23/48)
 z - a wand of clouds (1/9)
Scrolls
 j - 4 scrolls of remove curse
 k - 3 scrolls of teleportation
 n - 2 scrolls of fog
 x - a scroll of fear
 D - a scroll of enchant armour {unknown}
Potions
 e - 2 potions of mutation
 m - 3 potions of curing
 r - 2 potions of flight
 A - a potion of might
 F - a potion of lignification {unknown}
Books
 p - a book of Frost

   Spells                             Type                      Level
   a - Freeze                         Ice                          1
   b - Throw Frost                    Conjuration/Ice              2
   c - Ozocubu's Armour               Charms/Ice                   3
   d - Throw Icicle                   Conjuration/Ice              4
   e - Summon Ice Beast               Ice/Summoning                4
 E - a book of Misfortune

   Spells                             Type                      Level
   a - Confusing Touch                Hexes                        1
   b - Confuse                        Hexes                        3
   c - Gell's Gravitas                Translocation                3
   d - Petrify                        Transmutation/Earth          4
   e - Metabolic Englaciation         Hexes/Ice                    5
   f - Yara's Violent Unravelling     Hexes/Transmutation          5
Comestibles
 f - 4 bread rations
 g - 3 meat rations
 l - 3 royal jellies
 v - a fruit


   Skills:
 + Level 6.4 Fighting
 - Level 16.5 Axes
 - Level 1.7 Throwing
 - Level 3.2 Dodging


You had 9 spell levels left.
You didn't know any spells.

Dungeon Overview and Level Annotations

Branches:
Dungeon (8/15)             Temple (1/1) D:4
   Lair: D:8-11

Altars:
Ashenzari
Cheibriados
Dithmenos
Elyvilon
Fedhas
Gozag
Kikubaaqudgha
Makhleb
Nemelex Xobeh
Okawaru
Qazlal
Ru
Sif Muna
Trog
Uskayaw
Vehumet
Xom
Zin
The Shining One

Shops:
D:7 %?=


Innate Abilities, Weirdness & Mutations

You are resistant to damage.
You can heal yourself by infusing magical energy.
You passively map the area around you.
You do not regenerate.
You have a pair of small antennae on your head.
You are surrounded by a mild repulsion field. (EV +2)
Your skin changes colour to match your surroundings (Stealth+).
You are agile. (Dex +2)
You are robust. (+10% HP)


Message History

j - 4 scrolls of remove curse (gained 1)
You now have 553 gold pieces (gained 23).
An ogre comes into view. It is wielding a giant club.
Found a stone staircase leading up.
You see here 10 gold pieces.
An ogre is nearby!
An ogre is nearby!
The ogre hits you with a giant club!!
* * * LOW HITPOINT WARNING * * *
You slash the ogre!
The ogre is heavily wounded.
You barely miss the ogre.
The ogre is heavily wounded.
The ogre barely misses you.
You slash the ogre!
The ogre is severely wounded.
You hit the ogre.
The ogre is almost dead.
The ogre hits you with a giant club!
You die...

, * , ,, ,
, , ,,
*..........
,,,
.........
,, *
,.........,
, *
.......<. ,
,** *
#?.....# ,
,* ,
#......# *
#.....O# *
#.....@#
##......# *
* #.......#
* *
...###.$#
,* ## #..#
* ** #..# ,
#..# ####
#.##
#>...#. ,,,
#.#


You could see an ogre.

Vanquished Creatures
  An unseen horror (D:7)
  An ugly thing (D:7)
  The ghost of Irenicus the Cudgeler, an amateur TrCK of Xom (D:5)
  A hippogriff (D:8)
  Eustachio (D:5)
  Duvessa (D:6)
  An orc warrior (D:7)
  2 phantoms
  A hornet zombie (D:7)
  5 ogres
  3 centaurs
  3 bullfrogs
  A gnoll sergeant (D:6)
  Dowan (D:6)
  An elf skeleton (D:6)
  2 scorpions
  6 howler monkeys
  4 crimson imps
  A human zombie (D:6)
  A jelly (D:8)
  3 orc priests (D:7)
  4 hounds
  8 orc wizards
  2 centaur skeletons
  2 human skeletons (D:6)
  3 worker ants
  2 big kobold zombies (Ossuary)
  8 mummies (Ossuary)
  The ghost of urutzu the Sneak, a weakling SpEn (Sewer)
  4 gnolls (D:6)
  9 adders
  A river rat (D:6)
  A shadow imp (D:7)
  6 oozes (Sewer)
  2 adder skeletons
  An adder zombie (D:7)
  3 worms
  A dart slug (D:1)
  21 leopard geckos
  12 orcs
  3 bats
  13 giant cockroaches
  5 goblins
  2 hobgoblins
  15 jackals
  5 ball pythons (Sewer)
  13 frilled lizards
  3 gnoll zombies (Ossuary)
  A hobgoblin zombie (Ossuary)
  A jackal skeleton (D:4)
  19 kobolds
  A kobold zombie (Ossuary)
  An orc skeleton (D:6)
  An orc zombie (Ossuary)
  A quokka zombie (D:7)
  9 rats
225 creatures vanquished.

Notes
Turn   | Place    | Note
-------+----------+-------------------------------------------
     0 | D:1      | Irenicus the Deep Dwarf Gladiator began the quest for the Orb.
     0 | D:1      | Reached XP level 1. HP: 19/19 MP: 1/1
   109 | D:1      | Reached XP level 2. HP: 24/26 MP: 2/2
   137 | D:1      | Reached skill level 4 in Axes
   363 | D:2      | Reached XP level 3. HP: 27/32 MP: 3/3
   373 | D:2      | Reached skill level 5 in Axes
   839 | D:2      | Reached XP level 4. HP: 25/39 MP: 4/4
   991 | D:3      | Found a radiant altar of Vehumet.
  1136 | D:3      | Reached skill level 6 in Axes
  1141 | D:3      | Reached XP level 5. HP: 29/45 MP: 5/5
  1302 | D:3      | You fall through a shaft for 2 floors!
  1302 | D:5      | Entered Level 5 of the Dungeon
  1365 | D:4      | Found a hide-covered altar of Uskayaw.
  1435 | D:4      | Reached skill level 7 in Axes
  1443 | D:4      | Found a shadowy altar of Dithmenos.
  1501 | D:4      | Noticed a phantom
  1524 | D:4      | Found a staircase to the Ecumenical Temple.
  1531 | Temple   | Entered the Ecumenical Temple
  1628 | D:4      | Reached XP level 6. HP: 24/52 MP: 5/5
  1675 | D:5      | Noticed Irenicus's ghost (amateur TrCK)
  1706 | D:4      | HP: 2/52 [phantom (4)]
  1760 | D:4      | Reached skill level 8 in Axes
  1804 | D:4      | Reached skill level 9 in Axes
  1804 | D:4      | Reached XP level 7. HP: 43/58 MP: 6/6
  2149 | D:5      | Killed Irenicus's ghost
  2175 | D:5      | Noticed Eustachio
  2177 | D:5      | Reached skill level 10 in Axes
  2212 | D:5      | Killed Eustachio
  2212 | D:5      | Reached XP level 8. HP: 12/66 MP: 7/7
  2241 | D:5      | Reached skill level 11 in Axes
  2557 | D:5      | HP: 1/66 [centaur (8)]
  2742 | D:6      | Gained mutation: Your skin changes colour to match your surroundings (Stealth+). [potion of mutation]
  2742 | D:6      | Gained mutation: You are surrounded by a mild repulsion field. (EV +2) [potion of mutation]
  2742 | D:6      | Gained mutation: You have a pair of small antennae on your head. [potion of mutation]
  2742 | D:6      | Gained mutation: You have large cloven feet. [potion of mutation]
  2837 | D:6      | HP: 3/66 [gnoll/halberd (8)]
  2882 | D:6      | Reached skill level 12 in Axes
  2897 | D:6      | Found a sand-covered staircase.
  2909 | Ossuary  | Entered an ossuary
  3154 | D:6      | Reached skill level 16 in Axes
  3154 | D:6      | Gained mutation: You passively map the area around you. [Deep Dwarf growth]
  3154 | D:6      | Reached XP level 9. HP: 10/73 MP: 5/5
  3272 | D:6      | Found a glowing drain.
  3278 | Sewer    | Entered a sewer
  3479 | Sewer    | Noticed urutzu's ghost (weakling SpEn)
  3489 | Sewer    | Killed urutzu's ghost
  3656 | D:6      | Found a snail-covered altar of Cheibriados.
  3755 | D:6      | Reached XP level 10. HP: 5/84 MP: 5/5
  3772 | D:6      | Noticed Duvessa
  3773 | D:6      | Noticed Dowan
  3791 | D:6      | Killed Duvessa
  3800 | D:6      | Killed Dowan
  4195 | D:7      | Found an opulent altar of Gozag.
  4198 | D:7      | Found a burning altar of Makhleb.
  4202 | D:7      | Became a worshipper of Makhleb the Destroyer
  4208 | D:7      | Found an ancient bone altar of Kikubaaqudgha.
  4211 | D:7      | Found a snail-covered altar of Cheibriados.
  4333 | D:7      | Found a large runed door.
  4333 | D:7      | Found a large runed door.
  4359 | D:7      | Noticed a green ugly thing
  4360 | D:7      | Found a large runed door.
  4360 | D:7      | Found a large runed door.
  4368 | D:7      | Killed a green ugly thing
  4368 | D:7      | Reached skill level 5 in Fighting
  4392 | D:7      | Lost mutation: You have large cloven feet. [mutagenic meat]
  4395 | D:7      | Gained mutation: You are robust. (+10% HP) [mutagenic meat]
  4396 | D:7      | Gained mutation: You are agile. (Dex +2) [mutagenic meat]
  4432 | D:7      | Found a glowing golden altar of the Shining One.
  4432 | D:7      | Found a white marble altar of Elyvilon.
  4432 | D:7      | Found a glowing silver altar of Zin.
  4497 | D:7      | Found Terr's Jewellery Emporium.
  4635 | D:7      | HP: 2/96 [something (8)]
  4646 | D:7      | Killed an unseen horror
  4649 | D:7      | Reached * piety under Makhleb
  4719 | D:7      | Found Moezag's Food Shoppe.
  4810 | D:7      | Found Pafefekh's Magic Scroll Emporium.
  4917 | D:8      | HP: 1/101 [ogre/giant club (18)]
  4921 | D:8      | Mangled by an ogre

Skill      XL: |  1  2  3  4  5  6  7  8  9 10 |
---------------+-------------------------------+-----
Axes           | 4 5 6 7 9 10 16 | 16.5
Fighting       | 3 6 |  6.4
Throwing       | |  1.7
Dodging        | |  3.2

Action                   |  1- 3 |  4- 6 |  7- 9 | 10-12 || total
-------------------------+-------+-------+-------+-------++-------
Melee: War axe           |    78 |    10 |   155 |   184 ||   427
       Hand axe          |     2 |   164 |   176 |       ||   342
       Kick              |       |       |    68 |    35 ||   103
Throw: Throwing net      |     2 |       |     1 |     3 ||     6
       Javelin           |       |       |       |     2 ||     2
 Abil: Heal Wounds       |       |     5 |     7 |     6 ||    18
Evoke: Wand              |       |       |     3 |       ||     3
  Use: Scroll            |     2 |     1 |    10 |     2 ||    15
       Potion            |       |     4 |     8 |     4 ||    16
 Stab: Sleeping          |     1 |       |       |       ||     1
       Held in net/web   |       |       |     1 |       ||     1
       Invisible         |       |       |       |     1 ||     1
  Eat: Chunk             |       |     3 |     6 |     8 ||    17
Armor: Leather armour    |    23 |    32 |    42 |     2 ||    99
       Scale mail        |       |       |       |    34 ||    34
Dodge: Dodged            |    52 |   106 |   203 |   113 ||   474
